BR (22 & UNDER)
ALABAMA SHAKES @ LONG BEACH KO
10/03/2030
 
TOP OF THE 1ST
Alabama Shakes batting - Pitching for Long Beach KO : RHP Tom Maynard
Pitching: RHP Tom Maynard
Batting: RHB Mario Rodríguez 0-0: Ball
1-0: Foul Ball, location: 2F
1-1: Foul Ball, location: 2F
1-2: Ball
2-2: Ball
3-2: Reached via error on a dropped throw, E3
Batting: RHB Tim Oliver 0-0: Ball
1-0: Ball
2-0: Foul Ball, location: 2F
2-1: Fly out, F9 (Flyball, 9LMF)
Batting: RHB Travis Alexander 0-0: Ball
1-0: Ball
2-0: Grounds into double play, 6-4-3 (Groundball, 6M)
Top of the 1st over - 0 runs, 0 hits, 1 error, 0 left on base; Alabama 0 - Long Beach 0
BOTTOM OF THE 1ST
Long Beach KO batting - Pitching for Alabama Shakes : LHP Lorenzo Cruz
Pitching: LHP Lorenzo Cruz
Batting: RHB Gabriel Sánchez 0-0: Ball
1-0: Ball
2-0: Called Strike
2-1: Foul Ball, location: 2F
2-2: Ball
3-2: Strikes out swinging, 2-3 out at first.
Batting: RHB Rodrigo Flores 0-0: Ball
1-0: Fly out, F3 (Popup, 3F)
Batting: RHB Ralph Petit 0-0: Called Strike
0-1: Ball
1-1: Ball
2-1: Ball
3-1: Foul Ball, location: 2F
3-2: SINGLE (Groundball, 6D)
Batting: RHB Cristián Romano 0-0: Ball
Ralph Petit is caught stealing 2nd base
Bottom of the 1st over - 0 runs, 1 hit, 0 errors, 0 left on base; Alabama 0 - Long Beach 0
TOP OF THE 2ND
Alabama Shakes batting - Pitching for Long Beach KO : RHP Tom Maynard
Batting: LHB Edgardo Molina 0-0: Called Strike
0-1: Foul Ball, location: 2F
0-2: Ball
1-2: Foul Ball, location: 2F
1-2: Foul Ball, location: 2F
1-2: Ball
2-2: Ball
3-2: Foul Ball, location: 2F
3-2: Fly out, F8 (Flyball, 8LD)
Batting: RHB Andrés Aguirre 0-0: Called Strike
0-1: Ground out 4-3 (Groundball, 4M)
Batting: LHB Brett Anderson 0-0: DOUBLE (Line Drive, 9LS)
Batting: RHB Darrell McCoy 0-0: Foul Ball, location: 2F
0-1: Fly out, F9 (Line Drive, 9)
Top of the 2nd over - 0 runs, 1 hit, 0 errors, 1 left on base; Alabama 0 - Long Beach 0
BOTTOM OF THE 2ND
Long Beach KO batting - Pitching for Alabama Shakes : LHP Lorenzo Cruz
Batting: RHB Cristián Romano 0-0: Ball
1-0: Called Strike
1-1: Ball
2-1: Foul Ball, location: 2F
2-2: Foul Ball, location: 2F
2-2: Foul Ball, location: 2F
2-2: SINGLE (Line Drive, 7LM)
Batting: LHB Michael Keller 0-0: Called Strike
0-1: Called Strike
0-2: Fly out, F8 (Flyball, 8RS)
Batting: RHB Alec Bowers 0-0: Ball
1-0: Ball
2-0: Grounds into double play, 4-6-3 (Groundball, 4)
Bottom of the 2nd over - 0 runs, 1 hit, 0 errors, 0 left on base; Alabama 0 - Long Beach 0
TOP OF THE 3RD
Alabama Shakes batting - Pitching for Long Beach KO : RHP Tom Maynard
Batting: RHB Mark Jackson 0-0: Foul Ball, location: 2F
0-1: Ball
1-1: Fly out, F7 (Line Drive, 7)
Batting: RHB Roberto Ruíz 0-0: Called Strike
0-1: Swinging Strike
0-2: Strikes out looking
Batting: RHB Mario Rodríguez 0-0: Called Strike
0-1: Foul Ball, location: 2F
0-2: Ball
1-2: Ball
2-2: Foul Ball, location: 2F
2-2: Ball
3-2: Ground out 4-3 (Groundball, 4)
Top of the 3rd over - 0 runs, 0 hits, 0 errors, 0 left on base; Alabama 0 - Long Beach 0
BOTTOM OF THE 3RD
Long Beach KO batting - Pitching for Alabama Shakes : LHP Lorenzo Cruz
Batting: RHB Eduardo Collazo 0-0: Ball
1-0: Ground out 5-3 (Groundball, 5)
Batting: RHB Gianmaria Pianta 0-0: Ball
1-0: Called Strike
1-1: Ball
2-1: Ground out 5-3 (Groundball, 5S)
Batting: SHB Juan Pérez 0-0: Called Strike
0-1: Swinging Strike
0-2: Ball
1-2: Strikes out swinging
Bottom of the 3rd over - 0 runs, 0 hits, 0 errors, 0 left on base; Alabama 0 - Long Beach 0
TOP OF THE 4TH
Alabama Shakes batting - Pitching for Long Beach KO : RHP Tom Maynard
Batting: RHB Tim Oliver 0-0: Swinging Strike
0-1: Called Strike
0-2: Strikes out looking
Batting: RHB Travis Alexander 0-0: Swinging Strike
0-1: DOUBLE (Groundball, 5L)
Batting: LHB Edgardo Molina 0-0: 2-RUN HOME RUN (Flyball, 9D), Distance : 370 ft
Batting: RHB Andrés Aguirre 0-0: Called Strike
0-1: Ball
1-1: Foul Ball, location: 2F
1-2: Foul Ball, location: 2F
1-2: Fly out, F7 (Flyball, 7LM)
Batting: LHB Brett Anderson 0-0: Ball
1-0: Swinging Strike
1-1: Swinging Strike
1-2: SINGLE (Groundball, 3S) (infield hit)
Batting: RHB Darrell McCoy 0-0: Called Strike
0-1: Ball
1-1: Ball
2-1: Fly out, F6 (Line Drive, 6)
Top of the 4th over - 2 runs, 3 hits, 0 errors, 1 left on base; Alabama 2 - Long Beach 0
BOTTOM OF THE 4TH
Long Beach KO batting - Pitching for Alabama Shakes : LHP Lorenzo Cruz
Batting: RHB Gabriel Sánchez 0-0: Called Strike
0-1: Foul Ball, location: 2F
0-2: Ball
1-2: Strikes out swinging
Batting: RHB Rodrigo Flores 0-0: Foul Ball, location: 2F
0-1: Ball
1-1: Foul Ball, location: 2F
1-2: Strikes out swinging
Batting: RHB Ralph Petit 0-0: Ball
1-0: Foul Ball, location: 2F
1-1: Swinging Strike
1-2: Ball
2-2: Foul Ball, location: 2F
2-2: SINGLE (Groundball, 34D)
Batting: RHB Cristián Romano 0-0: Ball
1-0: Called Strike
1-1: Called Strike
1-2: Ball
2-2: Ground out 1-3 (Groundball, 13)
Bottom of the 4th over - 0 runs, 1 hit, 0 errors, 1 left on base; Alabama 2 - Long Beach 0
TOP OF THE 5TH
Alabama Shakes batting - Pitching for Long Beach KO : RHP Tom Maynard
Batting: RHB Mark Jackson 0-0: SINGLE (Groundball, 6MD)
Batting: RHB Roberto Ruíz 0-0: Ball
1-0: Ball
Wild Pitch!
Mark Jackson to second
2-0: SINGLE (Groundball, 4MD)
Mark Jackson to third
Batting: RHB Mario Rodríguez 0-0: Ball
1-0: Called Strike
1-1: Ball
2-1: Foul Ball, location: 2F
2-2: 3-RUN HOME RUN (Flyball, 9LD), Distance : 332 ft
Batting: RHB Tim Oliver 0-0: Called Strike
0-1: Called Strike
0-2: Strikes out swinging
Batting: RHB Travis Alexander 0-0: Called Strike
0-1: Foul Ball, location: 2F
0-2: Foul Ball, location: 2F
0-2: Foul Ball, location: 2F
0-2: Ball
1-2: Ball
2-2: Foul Ball, location: 2F
2-2: Ground out 4-3 (Groundball, 4)
Batting: LHB Edgardo Molina 0-0: Foul Ball, location: 2F
0-1: Ball
1-1: Called Strike
1-2: Strikes out swinging
Top of the 5th over - 3 runs, 3 hits, 0 errors, 0 left on base; Alabama 5 - Long Beach 0
BOTTOM OF THE 5TH
Long Beach KO batting - Pitching for Alabama Shakes : LHP Lorenzo Cruz
Batting: LHB Michael Keller 0-0: Foul Ball, location: 2F
0-1: Ball
1-1: Foul Ball, location: 2F
1-2: Ground out 4-3 (Groundball, 4D)
Batting: RHB Alec Bowers 0-0: Called Strike
0-1: Fly out, F2 (Popup, 23F)
Batting: RHB Eduardo Collazo 0-0: Ball
1-0: Foul Ball, location: 2F
1-1: Ground out 5-3 (Groundball, 5)
Bottom of the 5th over - 0 runs, 0 hits, 0 errors, 0 left on base; Alabama 5 - Long Beach 0
TOP OF THE 6TH
Alabama Shakes batting - Pitching for Long Beach KO : RHP Tom Maynard
Batting: RHB Andrés Aguirre 0-0: Ball
1-0: Ball
2-0: Called Strike
2-1: Ball
3-1: Called Strike
3-2: Strikes out looking
Batting: LHB Brett Anderson 0-0: Swinging Strike
0-1: Ball
1-1: Foul Ball, location: 2F
1-2: Foul Ball, location: 2F
1-2: Foul Ball, location: 2F
1-2: SINGLE (Flyball, 9LM)
Pitching: RHP Carlos Pérez
Batting: RHB Darrell McCoy 0-0: Ball
1-0: Ball
2-0: Foul Ball, location: 2F
2-1: Foul Ball, location: 2F
2-2: Strikes out looking
Batting: RHB Mark Jackson 0-0: Called Strike
0-1: Foul Ball, location: 2F
0-2: SINGLE (Line Drive, 5D)
Brett Anderson to second
Batting: RHB Roberto Ruíz 0-0: Called Strike
0-1: Swinging Strike
0-2: Strikes out looking
Top of the 6th over - 0 runs, 2 hits, 0 errors, 2 left on base; Alabama 5 - Long Beach 0
BOTTOM OF THE 6TH
Long Beach KO batting - Pitching for Alabama Shakes : LHP Lorenzo Cruz
Batting: RHB Gianmaria Pianta 0-0: Ball
1-0: Ground out 5-3 (Groundball, 56)
Batting: SHB Juan Pérez 0-0: Foul Ball, location: 2F
0-1: Ball
1-1: Swinging Strike
1-2: Strikes out looking
Batting: RHB Gabriel Sánchez 0-0: Ball
1-0: Foul Ball, location: 2F
1-1: Foul Ball, location: 2F
1-2: Ball
2-2: DOUBLE (Line Drive, 7LS)
Batting: RHB Rodrigo Flores 0-0: Ball
1-0: Fly out, F7 (Flyball, 7)
Bottom of the 6th over - 0 runs, 1 hit, 0 errors, 1 left on base; Alabama 5 - Long Beach 0
TOP OF THE 7TH
Alabama Shakes batting - Pitching for Long Beach KO : RHP Carlos Pérez
Batting: RHB Mario Rodríguez 0-0: Foul Ball, location: 2F
0-1: Ball
1-1: Ball
2-1: Foul Ball, location: 2F
2-2: Ball
3-2: Foul Ball, location: 2F
3-2: Base on Balls
Batting: RHB Tim Oliver 0-0: Ball
1-0: SINGLE (Groundball, 4D)
Mario Rodríguez to second
Runner from 2nd tries for 3rd, SAFE, no throw
Batting: RHB Travis Alexander 0-0: Called Strike
0-1: Ball
1-1: Swinging Strike
1-2: Fly out, F6 (Line Drive, 6)
Batting: LHB Edgardo Molina 0-0: SINGLE (Groundball, 3) (infield hit)
Mario Rodríguez scores
Tim Oliver to second
Batting: RHB Andrés Aguirre 0-0: Foul Ball, location: 2F
0-1: Ball
1-1: Foul Ball, location: 2F
1-2: 3-RUN HOME RUN (Line Drive, 9LD), Distance : 354 ft
Pitching: LHP León Varela
Batting: LHB Brett Anderson 0-0: Ball
1-0: Called Strike
1-1: Foul Ball, location: 2F
1-2: Foul Ball, location: 2F
1-2: Strikes out swinging
Batting: RHB Darrell McCoy 0-0: Ball
1-0: Ball
2-0: Reached on error, E4 (Groundball, 4)
Batting: RHB Mark Jackson 0-0: Ball
1-0: Ball
2-0: Called Strike
2-1: Swinging Strike
2-2: Strikes out swinging, 2-3 out at first.
Top of the 7th over - 4 runs, 3 hits, 1 error, 1 left on base; Alabama 9 - Long Beach 0
BOTTOM OF THE 7TH
Long Beach KO batting - Pitching for Alabama Shakes : LHP Lorenzo Cruz
Batting: RHB Ralph Petit 0-0: Called Strike
0-1: Ground out 6-3 (Groundball, 56)
Batting: RHB Cristián Romano 0-0: Called Strike
0-1: Foul Ball, location: 2F
0-2: Ground out 4-3 (Groundball, 4)
Batting: LHB Michael Keller 0-0: Ball
1-0: Ground out 1-3 (Groundball, P)
Bottom of the 7th over - 0 runs, 0 hits, 0 errors, 0 left on base; Alabama 9 - Long Beach 0
TOP OF THE 8TH
Alabama Shakes batting - Pitching for Long Beach KO : LHP León Varela
Batting: RHB Roberto Ruíz 0-0: Swinging Strike
0-1: Swinging Strike
0-2: Ball
1-2: Strikes out looking
Batting: RHB Mario Rodríguez 0-0: Foul Ball, location: 2F
0-1: Ball
1-1: Foul Ball, location: 2F
1-2: Ground out 6-3 (Groundball, 6MS)
Batting: RHB Tim Oliver 0-0: Called Strike
0-1: Ball
1-1: Fly out, F4 (Popup, 4S)
Top of the 8th over - 0 runs, 0 hits, 0 errors, 0 left on base; Alabama 9 - Long Beach 0
BOTTOM OF THE 8TH
Long Beach KO batting - Pitching for Alabama Shakes : LHP Lorenzo Cruz
Batting: RHB Alec Bowers 0-0: Ball
1-0: Ball
2-0: Foul Ball, location: 2F
2-1: DOUBLE (Groundball, 3L)
Batting: RHB Eduardo Collazo 0-0: Ground out 6-3 (Groundball, 6)
Batting: RHB Gianmaria Pianta 0-0: Ball
1-0: Foul Ball, location: 2F
1-1: Foul Ball, location: 2F
1-2: Strikes out swinging
Batting: SHB Juan Pérez 0-0: Ball
1-0: Ground out 4-3 (Groundball, 4)
Bottom of the 8th over - 0 runs, 1 hit, 0 errors, 1 left on base; Alabama 9 - Long Beach 0
TOP OF THE 9TH
Alabama Shakes batting - Pitching for Long Beach KO : LHP León Varela
Batting: RHB Travis Alexander 0-0: Foul Ball, location: 2F
0-1: Ball
1-1: Called Strike
1-2: Foul Ball, location: 2F
1-2: Ball
2-2: Ball
3-2: Foul Ball, location: 2F
3-2: Base on Balls
Batting: LHB Edgardo Molina 0-0: Ball
1-0: Foul Ball, location: 2F
1-1: Foul Ball, location: 2F
1-2: Foul Ball, location: 2F
1-2: Strikes out looking
Batting: RHB Andrés Aguirre 0-0: Called Strike
0-1: Ground out U3 (Groundball, 3S)
Travis Alexander to second
Batting: LHB Brett Anderson 0-0: Called Strike
0-1: Ball
1-1: Swinging Strike
1-2: Strikes out swinging
Top of the 9th over - 0 runs, 0 hits, 0 errors, 1 left on base; Alabama 9 - Long Beach 0
BOTTOM OF THE 9TH
Long Beach KO batting - Pitching for Alabama Shakes : LHP Lorenzo Cruz
Now at 2B: Ben Martínez
Batting: RHB Gabriel Sánchez 0-0: Ground out 5-3 (Groundball, 56)
Batting: RHB Rodrigo Flores 0-0: Ball
1-0: Ground out 6-3 (Groundball, 6)
Batting: RHB Ralph Petit 0-0: Ball
1-0: Ball
2-0: Foul Ball, location: 2F
2-1: Swinging Strike
2-2: Ball
3-2: Foul Ball, location: 2F
3-2: Ground out 4-3 (Groundball, 4)
Bottom of the 9th over - 0 runs, 0 hits, 0 errors, 0 left on base; Alabama 9 - Long Beach 0
Saturday, April 7th, 2018 - OOTP Baseball 18.8 Build 76